 Seeded DCSS version 0.29.1-14-g9c671dbff4 (webtiles) character file.

Game seed: 11783567295339809362 (custom seed)

85915 tkbsonic5 the Covert (level 15, -17/119 HPs)
             Began as a Vampire Ice Elementalist on Feb 12, 2023.
             Was a Priest of Ashenzari.
             Hit by a large rock thrown by a cyclops (20 damage)
             ... on level 2 of the Orcish Mines.
             The game lasted 02:29:14 (27096 turns).

tkbsonic5 the Covert (Vampire Ice Elementalist)    Turns: 27096, Time: 02:29:16

Health: -17/119    AC: 11    Str: 18    XL:     15   Next: 39%
Magic:  7/26       EV: 10    Int: 26    God:    Ashenzari [***...]
Gold:   1773       SH:  5    Dex: 14    Spells: 0/34 levels left

rFire   . . .      SeeInvis +     - Unarmed
rCold   . . .      Faith    .   (shield currently unavailable)
rNeg    . . .      Spirit   .   w - +0 chain mail
rPois   +          Reflect  +   (no helmet)
rElec   .          Harm     .   U - +2 cloak of the All-seeing Sun {Will+, Melee, Fort} (curse)
rCorr   +          Rampage  .   (gloves currently unavailable)
Will    ++...      Clarity  +   (no boots)
Stlth   ++........              y - amulet of the Celestial Augur {Reflect rPois rCorr Str+3 Int+2 SH+5, Melee, Self} (curse)
HPRegen 0.49/turn               d - ring "I Knew You'd Do That" {Wiz, Alch, Elem} (curse)
MPRegen 0.20/turn               n - ring of Ashenzari's Soothsayer {Str+6, Self, Alch} (curse)

@: blade hands, wereblooded, very slightly contaminated, healing quickly,
slowed, very slow
A: alive, fangs 3, see invisible, vampiric 2, talons 1, low MP 1
a: Exsanguinate, End Transformation, Renounce Religion, Shatter the Chains


You were on level 2 of the Orcish Mines.
You worshipped Ashenzari.
Ashenzari was most pleased with you.
You had blades for hands.
You visited 3 branches of the dungeon, and saw 22 of its levels.

You collected 1966 gold pieces.
You spent 193 gold pieces at shops.

Inventory:

Hand Weapons
 l - a +9 falchion of venom (melded)
 I - a +1 hand axe of electrocution
 N - a +3 battleaxe
 V - a +2 dagger of speed
 Z - a +1 flail of protection
Missiles
 s - 94 poisoned darts
 J - 3 datura-tipped darts
 X - 8 curare-tipped darts
Armour
 a - a +2 robe
 b - a +1 pair of gloves
 f - a +0 ring mail
 r - a +0 scale mail
 w - a +0 chain mail (worn)
 D - a +0 pair of gloves
 E - the cursed +1 pair of gloves of the Clairvoyant Stars (melded) {Dex+3, Fort, Cun}
   (You found it on level 12 of the Dungeon)

   It has a curse which improves the following skills: Fortitude: Armour and
   Shields.
   Cunning:   Dodging and Stealth.
 U - the cursed +2 cloak of the All-seeing Sun (worn) {Will+, Melee, Fort}
   (You took it off Maurice on level 10 of the Dungeon)

   It has a curse which improves the following skills: Melee Combat: Short
   Blades, Long Blades, Axes, Maces & Flails, Polearms, Staves and Unarmed
   Combat.
   Fortitude: Armour and Shields.
 Y - a +0 cloak
Jewellery
 d - the cursed ring "I Knew You'd Do That" (left blade hand) {Wiz, Alch, Elem}
   (You found it on level 1 of the Dungeon)

   [ring of wizardry]

   It improves your spell success rate.
   It has a curse which improves the following skills: Alchemy: Poison Magic and
   Transmutations.
   Elements:  Fire Magic, Ice Magic, Air Magic and Earth Magic.
 e - a +6 ring of dexterity
 g - an amulet of the acrobat
 i - a +4 ring of evasion
 n - the cursed ring of Ashenzari's Soothsayer (right blade hand) {Str+6, Self, Alch}
   (You found it on level 2 of the Dungeon)

   [ring of strength]

   Str:       It affects your strength (+6).
   It has a curse which improves the following skills: Introspection: Fighting
   and Spellcasting.
   Alchemy:   Poison Magic and Transmutations.
 y - the cursed amulet of the Celestial Augur (around neck) {Reflect rPois rCorr Str+3 Int+2 SH+5, Melee, Self}
   (You acquired it on level 11 of the Dungeon)

   [amulet of reflection]

   It reflects blocked missile attacks.
   Str:       It affects your strength (+3).
   Int:       It affects your intelligence (+2).
   rPois:     It protects you from poison.
   rCorr:     It protects you from acid and corrosion.
   SH:        It affects your SH (+5).
   It has a curse which improves the following skills: Melee Combat: Short
   Blades, Long Blades, Axes, Maces & Flails, Polearms, Staves and Unarmed
   Combat.
   Introspection: Fighting and Spellcasting.
 B - a +4 ring of slaying
 L - a +6 ring of intelligence
 R - an amulet of guardian spirit
 S - a ring of flight
Wands
 o - a wand of charming (21)
 v - a wand of light (15)
 G - a wand of digging (7)
 K - a wand of polymorph (2)
 M - a wand of roots (7)
 O - a wand of flame (27)
Scrolls
 A - 11 scrolls of teleportation
 C - 2 scrolls of magic mapping
 P - 2 scrolls of silence
 Q - a scroll of amnesia
 T - a scroll of butterflies
Potions
 c - 10 potions of curing
 h - 2 potions of magic
 m - a potion of heal wounds
 q - 4 potions of lignification
 u - 3 potions of attraction
 x - a potion of cancellation
 z - a potion of might
 F - 4 potions of flight
 W - 4 potions of brilliance


   Skills:
 * Level 9.0(11.5) Fighting
 + Level 3.8(6.0) Long Blades
 - Level 2.1 Ranged Weapons
 * Level 1.2(2.3) Armour
 + Level 10.0 Dodging
 - Level 11.7 Stealth
 * Level 9.9(12.4) Unarmed Combat
 + Level 7.6(10.1) Spellcasting
 - Level 5.1 Conjurations
 * Level 11.7 Hexes
 * Level 7.0 Summonings
 * Level 10.1(12.5) Transmutations
 - Level 5.7(7.3) Fire Magic
 * Level 8.9(10.5) Ice Magic
 - Level 1.4(2.5) Air Magic
 + Level 2.1(3.4) Earth Magic
 - Level 1.2(2.8) Poison Magic
 - Level 4.9 Evocations


You couldn't memorise any spells.
You knew the following spells:

 Your Spells              Type           Power      Damage    Failure   Level
a - Freeze                Ice            100%       1d11      6%          1
b - Ozocubu's Armour      Ice            62%        N/A       10%         3
c - Frozen Ramparts       Ice            100%       1d16      10%         3
d - Hailstorm             Conj/Ice       52%        3d12      34%         4
e - Blade Hands           Tmut           34%        N/A       21%         5
f - Summon Ice Beast      Ice/Summ       56%        N/A       28%         4
g - Cause Fear            Hex            32%        N/A       13%         4
h - Wereblood             Tmut           68%        N/A       4%          2
i - Summon Mana Viper     Hex/Summ       58%        N/A       45%         5
j - Starburst             Conj/Fire      22%        6d8       99%         6

Your spell library contained the following spells:

 Spells                   Type           Power      Damage    Failure   Level
 Tukima's Dance           Hex            65%        N/A       8%          3
 Inner Flame              Hex/Fire       58%        N/A       12%         3
 Call Imp                 Summ           49%        N/A       14%         2
 Dazzling Flash           Conj/Hex       100%       N/A       16%         3
 Magic Dart               Conj           100%       1d8       17%         1
 Call Canine Familiar     Summ           49%        N/A       21%         3
 Shock                    Conj/Air       100%       1d9       24%         1
 Portal Projectile        Hex/Tloc       86%        N/A       28%         3
 Leda's Liquefaction      Hex/Erth       25%        N/A       38%         4
 Stone Arrow              Conj/Erth      70%        3d11      41%         3
 Mephitic Cloud           Conj/Pois/Air  31%        N/A       47%         3
 Anguish                  Hex/Necr       21%        N/A       54%         4
 Swiftness                Air            26%        N/A       58%         3
 Animate Armour           Summ/Erth      80%        N/A       61%         4
 Summon Lightning Spire   Summ/Air       38%        N/A       65%         4
 Sublimation of Blood     Necr           13%        N/A       67%         2
 Airstrike                Air            13%        2d(2-18)  87%         4
 Iskenderun's Mystic Bla  Conj/Tloc      26%        2d7       87%         4
 Lightning Bolt           Conj/Air       16%        1d30      95%         5
 Enfeeble                 Hex            32%        N/A       97%         7
 Monstrous Menagerie      Summ           24%        N/A       100%        7
 Summon Hydra             Summ           24%        N/A       100%        7
 Discord                  Hex            32%        N/A       100%        8
 Lehudib's Crystal Spear  Conj/Erth      17%        10d5      100%        8


Dungeon Overview and Level Annotations

Branches:
Dungeon (15/15)            Temple (0/1) D:5            Lair (5/5) D:9
  Swamp (0/4) Lair:2        Snake (0/4) Lair:3        Slime (0/5) Lair:4
    Orc (2/2) D:11         Vaults (0/5) D:14         Depths (0/4) D:15
    Elf: Orc:2

Altars:
Ashenzari
Cheibriados
Gozag
Kikubaaqudgha
Qazlal
Ru
Sif Muna
Uskayaw
Xom
Yredelemnul
Jiyva

Shops:
D:4 :   D:8 **   D:11 *   Orc:2 [

Annotations:
D:5 3 runed translucent doors, growler's ghost, novice DsWn
Lair:4 exclusion: oklob plant
Orc:1 2 transporters


Innate Abilities, Weirdness & Mutations

You have blades for hands.
Your spellcasting is less reliable in this form.
You are incapable of wielding weapons or throwing items.
Your natural rate of healing is accelerated.
You have razor-sharp teeth.
You have supernaturally acute eyesight. (SInv)
You are afflicted with vampirism and can become a bat while bloodless.
You have sharp toenails.
Your magical capacity is low. (-10% MP)


Message History

You feel enfeebled.
You feel yourself slow down. You block the orc warrior's attack.
The orc warrior hits you but does no damage.
The orc knight hits you with a +1 vorpal war axe!
The wall freezes the warg!
You feel a bit better.
You kill the warg!
You slice the orc knight!! Your kick misses the orc knight.
The orc knight is almost dead.
The orc warrior closely misses you.
The orc warrior hits you with a +0 dire flail!
The orc knight hits you with a +1 vorpal war axe!
You hit the orc knight but do no damage.
The orc knight is almost dead.
The warg pauses to sniff the ground.
The orc warrior hits you with a +0 war axe!!
* * * LOW HITPOINT WARNING * * *
The orc warrior hits you with a +0 dire flail!
* * * LOW HITPOINT WARNING * * *
The orc knight hits you with a +1 vorpal war axe.
* * * LOW HITPOINT WARNING * * *
x2 You feel much better.
The orc warrior hits you with a +0 war axe!
* * * LOW HITPOINT WARNING * * *
You block the orc warrior's attack. You block the orc knight's attack.
The orc knight hits you with a +1 vorpal war axe!!
* * * LOW HITPOINT WARNING * * *
x2 You block the orc warrior's attack.
The orc warrior hits you with a +0 dire flail.
* * * LOW HITPOINT WARNING * * *
Blink to where?
Press: ? - help, Dir - move target Your icy armour and frozen ramparts will break if you move.
Continue?
Your icy armour cracks and falls away as you move.
The frozen ramparts melt away as you move.
A cyclops comes into view.
Found 101 gold pieces.
As you read the scroll of blinking, it crumbles to dust.
The cyclops shouts!
The cyclops throws a large rock.
The large rock hits you!!
You die...

* * #...†..# **
, , * *#.ooo..#
#... , * *
##.....###....
#.$..h..#.....
,
###<.......$..
* ###.∩.......
~~* #..........
#........#
#.@.......
#$........
.....$..... ,*
*.............
,, *
#.$.....##.##..
.......## ## ,.
, .....C. * ,,
, *#...$.. * *
,


You could see an orc knight, a cyclops, a warg and 2 orc warriors.

Vanquished Creatures
  Jorgrun (Orc:1)
  A stone giant (D:15)
  6 hydras
  8 vault guards (D:14)
  2 boulder beetles
  Erica (D:8)
  4 centaur warriors
  A two-headed ogre (D:12)
  3 tengu warriors
  10 death yaks
  An orc high priest (Orc:1)
  Lodul (D:12)
  4 orc sorcerers (Orc:1)
  Pikel (D:4)
  A deep elf pyromancer (D:14)
  2 ugly things (D:13)
  5 cyclopes
  A manticore (D:15)
  3 black mambas
  15 elephants
  Maurice (D:10)
  A gargoyle (D:10)
  Joseph (D:8)
  2 dancing weapons
  A torpor snail (Lair:5)
  Maggie (D:8)
  11 cane toads
  An unseen horror (D:11)
  12 komodo dragons
  Psyche (D:9)
  A kobold demonologist (D:8)
  3 trolls
  3 meliai (D:14)
  A polar bear (shapeshifter) (D:11)
  A hornet (D:8)
  2 polar bears
  A spectral elephant (Lair:5)
  12 slime creatures
  13 blink frogs
  11 dream sheep
  3 shadows
  2 wraiths
  A vampire (D:8)
  Eustachio (D:4)
  6 wyverns
  2 basilisks
  21 yaks
  4 steam dragons
  Edmund (D:4)
  3 vampire mosquitoes
  A death yak simulacrum (Lair:5)
  3 wargs
  An acid dragon (D:10)
  17 water moccasins
  A black bear (D:5)
  4 ice beasts
  15 orc warriors
  3 sky beasts
  9 ogres
  12 wolves
  11 centaurs
  A phantom (D:6)
  3 lemures (D:4)
  12 kobold brigands
  15 bullfrogs
  3 scorpions
  A necrophage (D:4)
  3 howler monkeys
  3 electric eels
  9 jellies
  12 orc priests
  Jessica (D:3)
  6 iguanas
  13 orc wizards
  Ijyb (D:3)
  3 gnolls (D:2)
  2 river rats (D:3)
  11 adders
  3 worms (D:2)
  3 dart slugs
  42 orcs
  4 bat skeletons (D:8)
  2 bat zombies (D:8)
  5 endoplasms
  3 giant cockroaches
  7 goblins
  4 hobgoblins
  21 kobolds
  5 quokkas
  6 ball pythons
  3 bats
  3 frilled lizards
  3 rats
  2 bushes (D:14)
487 creatures vanquished.

Vanquished Creatures (collateral kills)
  An ice dragon (D:15)
  Erolcha (D:10)
  3 hydras
  A boulder beetle (D:12)
  2 two-headed ogres
  A death knight (D:15)
  Nergalle (D:10)
  An ugly thing (D:12)
  3 manticores
  4 elephants (Lair:5)
  A rime drake (Lair:2)
  2 cane toads
  A komodo dragon (Lair:5)
  A troll (D:11)
  A hornet (D:10)
  2 dream sheep
  A vampire (D:14)
  18 yaks
  3 basilisks
  A death yak simulacrum (Lair:5)
  2 wargs (Orc:1)
  A vampire mosquito (Lair:2)
  3 orc warriors
  2 ogres
  5 wolves
  3 centaurs
  A lemure (D:4)
  2 kobold brigands
  2 bullfrogs
  An orc priest (D:11)
  2 orc wizards (Orc:1)
  8 orcs
  4 kobolds (D:9)
85 creatures vanquished.

Vanquished Creatures (others)
  A dancing weapon (D:7)
  A bullfrog (D:8)
  38 bushes (D:14)
  28 fungi
  44 plants
  23 withered plants (Lair:5)
135 creatures vanquished.

Grand Total: 707 creatures vanquished

Notes
Turn   | Place    | Note
-------+----------+-------------------------------------------
     0 | D:1      | tkbsonic5 the Vampire Ice Elementalist began the quest for
                  | the Orb.
     0 | D:1      | Reached XP level 1. HP: 13/13 MP: 3/3
   449 | D:1      | Reached XP level 2. HP: 19/19 MP: 3/5
  1152 | D:2      | Gained mutation: You are afflicted with vampirism and can
                  | become a bat while bloodless. [Vampire growth]
  1152 | D:2      | Reached XP level 3. HP: 24/24 MP: 4/7
  1182 | D:1      | Learned a level 3 spell: Ozocubu's Armour
  1186 | D:1      | Learned a level 3 spell: Frozen Ramparts
  1249 | D:2      | Gained mutation: You have sharp toenails. [potion of
                  | mutation]
  1534 | D:2      | Reached XP level 4. HP: 29/31 MP: 0/8
  1670 | D:2      | Found an ancient bone altar of Kikubaaqudgha.
  2421 | D:2      | Reached skill level 1 in Fighting
  2594 | D:3      | Noticed Ijyb
  2600 | D:3      | Killed Ijyb
  2603 | D:3      | Reached XP level 5. HP: 33/37 MP: 0/9
  2712 | D:3      | Found a broken altar of Ashenzari.
  2782 | D:3      | Became a worshipper of Ashenzari the Shackled
  2878 | D:3      | Found a snail-covered altar of Cheibriados.
  2884 | D:3      | Reached skill level 5 in Ice Magic
  2935 | D:3      | Noticed Jessica
  2939 | D:3      | Killed Jessica
  2940 | D:3      | Reached skill level 1 in Evocations
  2959 | D:3      | Found a shimmering altar of Xom.
  3059 | D:3      | Found a glowing drain.
  3732 | D:4      | Reached XP level 6. HP: 44/44 MP: 4/12
  3810 | D:4      | Learned a level 4 spell: Hailstorm
  3878 | D:4      | Found a shimmering blue altar of Sif Muna.
  3952 | D:4      | Noticed Edmund
  3959 | D:4      | Killed Edmund
  4135 | D:4      | Noticed Pikel
  4276 | D:4      | Noticed Eustachio
  4280 | D:4      | Killed Eustachio
  4281 | D:4      | Reached skill level 1 in Conjurations
  4281 | D:4      | Reached XP level 7. HP: 45/51 MP: 4/13
  4369 | D:4      | Reached * piety under Ashenzari
  4386 | D:4      | Found Teosusun's Book Boutique.
  4394 | D:4      | Learned a level 5 spell: Blade Hands
  4701 | D:4      | Killed Pikel
  4702 | D:4      | Reached skill level 5 in Stealth
  4702 | D:4      | Reached XP level 8. HP: 33/60 MP: 6/16
  4987 | D:5      | Entered Level 5 of the Dungeon
  4994 | D:5      | Found a runed translucent gate.
  4994 | D:5      | Found a runed translucent gate.
  4994 | D:5      | Found a runed translucent gate.
  4995 | D:5      | Noticed growler's ghost (novice DsWn)
  5180 | D:5      | Identified the +0 robe of Trumpets {rN++ Regen+ Str-5
                  | Dex+2}
  5241 | D:5      | Found a staircase to the Ecumenical Temple.
  5500 | D:5      | Learned a level 3 spell: Tukima's Dance
  5614 | D:5      | Reached ** piety under Ashenzari
  6069 | D:6      | Identified the cursed +0 pair of gloves of the Shackled
                  | Apathy {Self, Fort} (You found it on level 3 of the
                  | Dungeon)
  6116 | D:6      | Reached skill level 1 in Hexes
  6365 | D:6      | Reached skill level 5 in Spellcasting
  6369 | D:6      | Reached skill level 1 in Unarmed Combat
  6768 | D:6      | Identified the +1 leather armour "Urallik" {Fly rF++ Str-3
                  | SInv}
  6974 | D:7      | Reached XP level 9. HP: 69/69 MP: 11/19
  7020 | D:7      | Found a stormy altar of Qazlal.
  7034 | D:7      | Reached *** piety under Ashenzari
  7505 | D:7      | Reached skill level 5 in Dodging
  7691 | D:7      | Found a basalt altar of Yredelemnul.
  7829 | D:7      | Learned a level 4 spell: Cause Fear
  7832 | D:7      | Learned a level 2 spell: Wereblood
  7867 | D:7      | Reached **** piety under Ashenzari
  8111 | D:7      | Found a hide-covered altar of Uskayaw.
  8117 | D:7      | Found a sacrificial altar of Ru.
  8236 | D:7      | Noticed a komodo dragon
  8246 | D:7      | Killed a komodo dragon
  8415 | D:8      | Noticed Erica
  8428 | D:8      | Killed Erica
  8429 | D:8      | Reached skill level 5 in Hexes
  8429 | D:8      | Reached XP level 10. HP: 77/77 MP: 4/21
  8530 | D:8      | Noticed Maggie
  8543 | D:8      | Killed Maggie
  8544 | D:8      | Reached skill level 5 in Transmutations
  8603 | D:8      | Found Rashryac's Specific Store.
  8608 | D:8      | Found Lothur's General Store.
  8613 | D:8      | Bought 4 poisoned darts for 19 gold pieces
  8613 | D:8      | Bought a potion of flight for 36 gold pieces
  8613 | D:8      | Bought a scroll of enchant weapon for 90 gold pieces
  8613 | D:8      | Bought a scroll of poison for 48 gold pieces
  8635 | D:8      | Reached skill level 5 in Fighting
  8763 | D:8      | Found an opulent altar of Gozag.
  8822 | D:8      | Reached skill level 1 in Long Blades
  8975 | D:8      | Noticed a two-headed ogre
  8981 | D:8      | Killed a two-headed ogre
  8982 | D:8      | Reached skill level 5 in Unarmed Combat
  9038 | D:8      | Noticed Joseph
  9048 | D:8      | Killed Joseph
  9154 | D:8      | Found an ancient bone altar of Kikubaaqudgha.
  9387 | D:9      | Reached XP level 11. HP: 84/84 MP: 12/23
  9457 | D:9      | Noticed Psyche
  9463 | D:9      | Killed Psyche
  9511 | D:9      | Identified a scroll of acquirement
  9519 | D:9      | Acquired a book of Beasts
  9527 | D:9      | Learned a level 5 spell: Summon Mana Viper
  9724 | D:9      | Reached skill level 1 in Summonings
  9743 | D:9      | Found a staircase to the Lair.
 10086 | D:10     | Entered Level 10 of the Dungeon
 10086 | D:10     | Noticed Maurice
 10098 | D:10     | Killed Maurice
 10322 | D:10     | Noticed Erolcha
 10337 | D:10     | Noticed Nergalle
 10339 | D:10     | Killed Erolcha
 10363 | D:10     | HP: 2/77 [spectral orc knight/+0 great sword[Nergalle]
                  | (25)]
 10502 | D:10     | Killed Nergalle
 11003 | D:11     | Noticed a five-headed hydra
 11013 | D:11     | Killed a five-headed hydra
 11208 | D:11     | Noticed a two-headed ogre
 11216 | D:11     | Killed a two-headed ogre
 11268 | D:11     | Noticed a boulder beetle
 11271 | D:11     | Acquired the amulet "Kekirch" {Reflect rPois rCorr Str+3
                  | Int+2 SH+5}
 11279 | D:11     | Reached XP level 12. HP: 88/102 MP: 11/28
 11326 | D:11     | Identified the cursed +2 hat of Curses and Power {Self,
                  | Comp} (You found it on level 9 of the Dungeon)
 11433 | D:11     | Learned a level 6 spell: Starburst
 11438 | D:11     | Found a staircase to the Orcish Mines.
 11545 | D:11     | Killed a boulder beetle
 11657 | D:11     | Found Yhaes's Serpentskin Sales.
 12178 | Lair:1   | Entered Level 1 of the Lair of Beasts
 12242 | Lair:1   | Identified Sif Muna's Folio of Gusts
 12242 | Lair:1   | Identified Sif Muna's Meditations on Embers
 12242 | Lair:1   | Identified Sif Muna's Almanac of Feathers
 12657 | Lair:1   | Reached skill level 1 in Fire Magic
 12760 | Lair:1   | Found a dark tunnel.
 14404 | Lair:2   | Found a staircase to the Swamp.
 15145 | Lair:3   | Found a staircase to the Snake Pit.
 15542 | Lair:3   | Identified the +9 longbow of the Usurping Scavenger
                  | {vorpal, rC+ Int+4 Dex+6}
 15687 | Lair:3   | Noticed an eight-headed hydra
 16069 | Lair:3   | Killed an eight-headed hydra
 16301 | Lair:3   | Reached XP level 13. HP: 103/103 MP: 17/27
 16767 | Lair:4   | Reached skill level 10 in Stealth
 16885 | Lair:4   | Reached skill level 1 in Earth Magic
 16951 | Lair:4   | Reached skill level 1 in Air Magic
 17006 | Lair:4   | Reached skill level 1 in Poison Magic
 17341 | Lair:4   | Reached skill level 10 in Hexes
 17533 | Lair:4   | Reached skill level 1 in Ranged Weapons
 18239 | Lair:4   | Found a viscous altar of Jiyva.
 18239 | Lair:4   | Found a staircase to the Slime Pits.
 19071 | Lair:5   | Entered Level 5 of the Lair of Beasts
 19492 | Lair:5   | Reached skill level 5 in Summonings
 19520 | Lair:5   | Reached XP level 14. HP: 113/113 MP: 24/28
 19542 | Lair:5   | Identified the cursed +0 pair of gloves of Supernal Gnosis
                  | {Self, Fort} (You found it on level 11 of the Dungeon)
 21068 | D:9      | Learned a level 4 spell: Summon Ice Beast
 21172 | D:12     | Upgraded the game from 0.29.1-13-g9f3cf754e1 to
                  | 0.29.1-14-g9c671dbff4
 21179 | D:12     | Noticed Lodul
 21363 | D:12     | Reached ***** piety under Ashenzari
 21404 | D:12     | Identified the cursed +5 scimitar "Lashed Shame" {flame,
                  | Elem, Comp} (You took it off Erica on level 8 of the
                  | Dungeon)
 21773 | D:12     | Killed Lodul
 21780 | D:12     | Reached skill level 5 in Fire Magic
 23499 | D:14     | Found a gate to the Vaults.
 23534 | D:14     | Identified the cursed +2 cloak of the All-seeing Sun
                  | {Will+, Melee, Fort} (You took it off Maurice on level 10
                  | of the Dungeon)
 23534 | D:14     | Identified the cursed +0 robe of Ashenzari's Fallacy
                  | {Archmagi, Cun, Melee} (You took it off Erolcha on level 10
                  | of the Dungeon)
 23549 | D:14     | Reached XP level 15. HP: 42/120 MP: 0/29
 24051 | D:14     | Reached skill level 5 in Conjurations
 24423 | D:14     | Found a sacrificial altar of Ru.
 24460 | D:15     | Entered Level 15 of the Dungeon
 24496 | D:15     | Reached skill level 10 in Transmutations
 24636 | D:15     | Found a frozen archway.
 24942 | D:15     | Identified the cursed +1 pair of gloves of the Clairvoyant
                  | Stars {Dex+3, Fort, Cun} (You found it on level 12 of the
                  | Dungeon)
 25270 | D:15     | Lost mutation: You have sharp toenails. [potion of
                  | mutation]
 25270 | D:15     | Gained mutation: Your magical capacity is low. (-10% MP)
                  | [potion of mutation]
 25270 | D:15     | Gained mutation: You have sharp toenails. [potion of
                  | mutation]
 25406 | D:15     | Found a staircase to the Depths.
 25602 | Orc:1    | Entered Level 1 of the Orcish Mines
 25952 | Orc:1    | Reached skill level 10 in Dodging
 25954 | Orc:1    | Reached skill level 1 in Armour
 26176 | Orc:1    | Noticed Jorgrun
 26214 | Orc:1    | Killed Jorgrun
 26754 | Orc:1    | Found a transporter.
 27020 | Orc:1    | Found a transporter.
 27023 | Orc:1    | Identified the +0 pair of boots of Delicate Curiosity
                  | {Str+4}
 27025 | Orc:1    | Noticed an orc warlord
 27081 | Orc:2    | Entered Level 2 of the Orcish Mines
 27081 | Orc:2    | Found Meleke's Antique Armour Shop.
 27095 | Orc:2    | HP: 5/119 [orc knight/+1 vorpal war axe (2)]
 27096 | Orc:2    | Hit by a large rock thrown by a cyclops

Illustrated notes

Levels and vault maps discovered:
D:1:      scummos_arrival_hexagon, layout_basic, minmay_misc_feat_pillars,
          nrook_campfire, grunt_decor_mini_mirrors
D:2:      layout_basic, basic_altar, hex_large, minmay_tromino_v7
D:3:      layout_rooms, xom_teletrap_fun, overflow_temple_1_default,
          mainiacjoe_overflow_tiny_flanked, serial_rivers,
          chequers_serial_rivers_room_b, chequers_serial_rivers_large_a,
          chequers_serial_rivers_micro_b, chequers_serial_rivers_micro_b,
          cheibrodos_sewer_entry_sluice, uniq_ijyb, uniq_jessica
D:4:      layout_basic, nicolae_sif_muna_little_library, serial_shops,
          nicolae_shop_advertising_works [nicolae_subvault_shop_adworks],
          uniq_pikel, uniq_edmund, uniq_eustachio
D:5:      layout_loops_cross, minmay_temple_entry_drinking_statues,
          gammafunk_ghost_split
D:6:      layout_rooms, enter_ossuary_2
D:7:      layout_basic, mainiacjoe_overflow_small_starburst,
          nicolae_overflow_hidden_temple, enter_bailey_3, minmay_lizard_king
D:8:      layout_rooms, kennysheep_vampire_church, grunt_gozag_statues,
          special_room [special_room_kobold], minmay_misc_feat_enclosed,
          nicolae_specific_store, wad_rectangle_vault, uniq_erica, uniq_joseph,
          uniq_maggie
D:9:      layout_roguey, erik_lair_dragon, uniq_psyche
D:10:     layout_cross, uniq_maurice, uniq_nergalle, uniq_erolcha
D:11:     layout_roguey, david_orc_5, grunt_decor_fettered, minivault_14,
          guppyfry_shop_venom
D:12:     layout_loops_cross, uniq_lodul
D:13:     layout_basic
D:14:     layout_loops_ring, erik_vaults_2, minmay_hedge_maze,
          nicolae_ru_path_of_blood
D:15:     grunt_enter_depths_snipers, layout_rooms,
          portal_ice_cave_entry_dragon, chequers_jeans
Lair:1:   layout_big_grid, enter_volcano_2, serial_bayou_shore_a
Lair:2:   layout_small_grid, minmay_swamp_entry_swarm, lemuel_old_faithful,
          serial_bayou_shore_b
Lair:3:   layout_cave_pods, minmay_snake_entry_six_corridors,
          nicolae_quartered_pool_impasse
Lair:4:   nzn_winding_woodlands_small [nzn_winding_woodlands_5x15_garden,
          nzn_winding_woodlands_center_lodge, nzn_winding_woodlands_5x15_eye],
          layout_gridlike, minmay_slime_entry_pillars, minmay_lair_oklob_bushes
Lair:5:   due_jungle_book, layout_regular_city, bh_autumn_forest_stairs,
          minivault_25, hibernation_bobbens
Orc:1:    gammafunk_beogh_shrine, layout_diamond_mine, basic_altar, uniq_jorgrun
Orc:2:    kennysheep_orc_mage_school, layout_diamond_mine, serial_shops, shop,
          statue_in_the_mist_lemuel, minmay_shop_enchanted_jewellery

Skill      XL: |  1  2  3  4  5  6  7  8  9 10 11 12 13 14 15 |
---------------+----------------------------------------------+-----
Spellcasting   | 3 4 5 6 7 |  7.6
Fighting       | 1 2 3 4 5 6 7 8 9 |  9.0
Ice Magic      | 5 6 7 8 |  8.9
Evocations     | 1 2 3 4 |  4.9
Stealth        | 4 5 6 8 9 10 11 | 11.7
Dodging        | 3 4 5 6 7 8 9 10 | 10.0
Conjurations   | 1 2 3 4 5 |  5.1
Transmutations | 2 3 4 5 7 8 9 10 | 10.1
Hexes          | 2 5 6 8 9 10 11 | 11.7
Unarmed Combat | 1 3 5 6 7 8 9 |  9.9
Long Blades    | 1 2 3 |  3.8
Summonings     | 2 4 5 6 7 |  7.0
Fire Magic     | 2 4 5 |  5.7
Earth Magic    | 1 2 |  2.1
Air Magic      | 1 |  1.4
Poison Magic   | 1 |  1.2
Ranged Weapons | 2 |  2.1
Armour         | 1 |  1.2

Action                   |  1- 3 |  4- 6 |  7- 9 | 10-12 | 13-15 || total
-------------------------+-------+-------+-------+-------+-------++-------
Melee: Club              |     3 |       |       |       |       ||     3
       Staff             |     6 |    27 |    22 |    42 |     3 ||   100
       Kick              |     2 |     7 |    28 |   119 |   137 ||   293
       Bite              |     1 |     3 |    11 |    39 |    48 ||   102
       Punch             |     1 |       |       |    19 |    29 ||    49
       Unarmed           |       |       |    56 |   248 |   318 ||   622
       Scimitar          |       |       |       |       |    57 ||    57
 Fire: Longbow           |       |       |       |       |    13 ||    13
Throw: Dart              |       |       |    11 |       |       ||    11
 Cast: Freeze            |    28 |    39 |    25 |     2 |       ||    94
       Frozen Ramparts   |     4 |    17 |    17 |    26 |    35 ||    99
       Ozocubu's Armour  |     3 |    17 |    21 |    43 |    60 ||   144
       Tukima's Dance    |       |       |    12 |    16 |       ||    28
       Hailstorm         |       |       |     6 |    27 |    16 ||    49
       Blade Hands       |       |       |    16 |    65 |    63 ||   144
       Wereblood         |       |       |     1 |    22 |    27 ||    50
       Summon Mana Viper |       |       |       |    46 |    50 ||    96
       Cause Fear        |       |       |       |    16 |     9 ||    25
       Starburst         |       |       |       |       |    15 ||    15
       Summon Ice Beast  |       |       |       |       |    31 ||    31
Invok: Curse Item        |       |     1 |     5 |     6 |     4 ||    16
       Shatter the Chain |       |       |     1 |     4 |     6 ||    11
 Abil: Exsanguinate      |       |       |       |     1 |       ||     1
       Revivify          |       |       |       |     1 |       ||     1
Evoke: Wand              |       |       |     3 |    13 |     9 ||    25
  Use: Scroll            |     4 |     9 |     3 |    11 |    12 ||    39
       Potion            |     4 |     2 |     2 |     5 |     9 ||    22
 Stab: Sleeping          |       |     1 |     2 |     2 |     1 ||     6
       Betrayed ally     |       |       |       |     1 |       ||     1
       Distracted        |       |       |       |     3 |     4 ||     7
       Invisible         |       |       |       |       |     4 ||     4
       Fleeing           |       |       |       |       |     1 ||     1
Armor: Robe              |     3 |     9 |    32 |    55 |   103 ||   202
       Skin              |     2 |       |       |     9 |    14 ||    25
       Steam dragon scal |       |       |       |    18 |       ||    18
       Chain mail        |       |       |       |       |    15 ||    15
Dodge: Dodged            |    28 |    25 |    75 |   242 |   252 ||   622
Block: Other             |       |       |       |    16 |    87 ||   103
       Reflection        |       |       |       |       |     7 ||     7
